 Dungeon Crawl Stone Soup version 0.21-a0-154-gb5400c9 (webtiles) character file.

114486 HGH the Black Belt (level 16, -4/165 HPs)
             Began as a Naga Transmuter on Aug 1, 2017.
             Was a High Priest of Okawaru.
             Slain by a wolf spider (8 damage)
             ... on level 1 of the Spider Nest on Aug 2, 2017.
             The game lasted 01:11:57 (32195 turns).

HGH the Black Belt (Naga Transmuter)               Turns: 32195, Time: 01:11:58

Health: -4/165     AC: 24    Str: 15    XL:     16   Next: 66%
Magic:  0/25       EV: 17    Int: 14    God:    Okawaru [*****.]
Gold:   1742       SH:  0    Dex: 16    Spells: 12/27 levels left

rFire    + . .     SeeInvis +     - Unarmed
rCold    + . .     Gourm    .   (shield currently unavailable)
rNeg     + . .     Faith    .   E - +2 leather armour {rC+}
rPois    +         Spirit   +   V - +2 hat {MR+}
rElec    .         Reflect  .   Y - +2 cloak {MR+}
rCorr    .         Harm     .   (gloves currently unavailable)
MR       ++++.                  Z - +2 naga barding {rF+}
Stlth    ++++......             C - amulet of guardian spirit
HPRegen  0.37/turn              T - ring of flight
MPRegen  0.19/turn              s - ring of positive energy

@: lethally poisoned (-4 -> -14), about to teleport, blade hands, heroism, very
slightly contaminated, very slow
A: horns 1, see invisible, deformed body, poison resistance, robust 1, slowness
2, slow metabolism 1, spit poison 1, wild magic 1, constrict 1, AC +5
a: Spit Poison, End Transformation, Heroism, Finesse, Renounce Religion, Evoke
Flight


You were on level 1 of the Spider Nest.
You worshipped Okawaru.
Okawaru was extremely pleased with you.
You were hungry.
You had blades for hands.
You visited 4 branches of the dungeon, and saw 24 of its levels.
You also visited: Ice Cave.

You collected 2388 gold pieces.
You spent 646 gold pieces at shops.

Inventory:

Hand Weapons
 i - a +2 longbow of freezing
 S - a +0 blowgun
Missiles
 a - 372 arrows
 o - 6 curare-tipped needles
 p - 13 javelins (quivered)
 L - 4 throwing nets
Armour
 z - a scarf of resistance
 E - a +2 leather armour of cold resistance (worn)
 P - a +0 pair of gloves (melded)
 V - a +2 hat of magic resistance (worn)
 Y - a +2 cloak of magic resistance (worn)
 Z - a +2 naga barding of fire resistance (worn)
Jewellery
 k - an uncursed amulet of faith
 s - a ring of positive energy (right scythe-like blade)
 v - an uncursed amulet of magic regeneration
 w - the amulet "Vorchahasch" {+Rage MR+}
   (You acquired it on level 14 of the Dungeon)

   [amulet of rage]

   It affects your resistance to hostile enchantments.
   It lets you go berserk.
 C - an amulet of guardian spirit (around neck)
 D - an uncursed ring of resist corrosion
 T - a ring of flight (left scythe-like blade)
Wands
 b - a wand of paralysis (17/24)
 h - a wand of iceblast (10/15)
 q - a wand of acid (11/15)
 u - a wand of lightning (3/15)
 x - a wand of clouds (3/9)
 H - a wand of confusion (14/48)
 J - a wand of digging (17/24)
 O - a wand of disintegration (13/24)
 Q - a wand of clouds (4/9)
 U - a wand of acid (10/15)
 X - a wand of flame (18/48)
Scrolls
 g - 18 scrolls of remove curse
 y - 2 scrolls of amnesia
 F - 3 scrolls of recharging
 G - a scroll of identify
 I - 2 scrolls of blinking
 K - 4 scrolls of teleportation
 M - a scroll of enchant armour
 N - a scroll of fog
Potions
 c - a potion of resistance
 e - a potion of agility {unknown}
 f - a potion of curing
 j - 5 potions of haste
 l - 5 potions of cancellation
 m - 3 potions of brilliance
 r - 2 potions of flight
 A - 8 potions of might
 B - 4 potions of heal wounds
Books
 t - a book of Cantrips

   Spells                             Type                      Level
   a - Confusing Touch                Hexes                        1
   b - Animate Skeleton               Necromancy                   1
   c - Summon Small Mammal            Summoning                    1
   d - Apportation                    Translocation                1
Miscellaneous
 W - a phial of floods
Comestibles
 d - 10 bread rations
 n - 7 royal jellies
 R - 4 chunks of flesh


   Skills:
 - Level 11.0(16.0) Fighting
 - Level 8.9(13.9) Armour
 + Level 8.6(13.6) Dodging
 - Level 4.5(9.5) Stealth
 + Level 18.5(23.5) Unarmed Combat
 - Level 6.0 Spellcasting
 - Level 9.4 Transmutations
 - Level 8.0 Invocations


You had 12 spell levels left.
You knew the following spells:

 Your Spells              Type           Power        Failure   Level  Hunger
a - Beastly Appendage     Tmut           #####.       16%         1    None
b - Sticks to Snakes      Tmut           #####...     17%         2    #......
c - Spider Form           Tmut/Pois      ###.......   50%         3    ###....
d - Blade Hands           Tmut           #####.....   54%         5    ######.
e - Ice Form              Ice/Tmut       ###.....     77%         4    ####...


Dungeon Overview and Level Annotations

Branches:
Dungeon (15/15)            Temple (0/1) D:5            Lair (6/6) D:11
  Swamp (0/4) Lair:4       Spider (1/4) Lair:2        Slime (0/5) Lair:6
    Orc (2/2) D:12            Elf (0/3) Orc:2        Vaults (0/5) D:14
 Depths (0/5) D:15

Altars:
Cheibriados
Dithmenos
Hepliaklqana
Kikubaaqudgha
Makhleb
Nemelex Xobeh
Okawaru
Qazlal
Vehumet
Zin
The Shining One
Beogh
Jiyva

Shops:
D:11 !   Orc:2 [![:?

Annotations:
Lair:5 exclusion: oklob plant


Innate Abilities, Weirdness & Mutations

You cannot wear boots.
Your serpentine skin is tough. (AC +5)
You have supernaturally acute eyesight. (SInv)
Armour fits poorly on your strangely shaped body.
Your system is resistant to poisons. (rPois)
You cover ground very slowly.
You have a slow metabolism.
You can spit poison.
You can use your snake-like lower body to constrict enemies.
You have a pair of small horns on your head.
You are robust. (+10% HP)
Your spells are a little harder to cast, but a little more powerful.


Message History

The wolf spider bites you but does no damage.
The jumping spider leaps!
You're too confused!
You feel better. The wolf spider barely misses you. The wolf spider bites you.
* * * LOW HITPOINT WARNING * * *
The wolf spider closely misses you. The wolf spider bites you!
* * * LOW HITPOINT WARNING * * *
You are poisoned.
The wolf spider poisons you! The redback bites you.
* * * LOW HITPOINT WARNING * * *
The redback barely misses you. The redback closely misses you.
The wolf spider hits you!
* * * LOW HITPOINT WARNING * * *
The wolf spider bites you but does no damage.
The wolf spider hits you.
* * * LOW HITPOINT WARNING * * *
The wolf spider bites you but does no damage.
The tarantella bites you but does no damage.
The wolf spider closely misses you. The wolf spider bites you!
You die...

.....#......
.......... s# ##
........#.#.. ...
^.#........#.
....#.(... ......
.^.....s.##.#....
....ยง.sssss...#.#
#....ss@ss.....#s
..#..#sss......$.
#.......s<.##..s
....#..[.#..#
.............#
.s..#..........
....#........##..
#.#.....#.#.. .
..."........#


You could see 4 wolf spiders, a jumping spider, 4 tarantellas and 6 redbacks.

Vanquished Creatures
  Rupert (Lair:4)
  Kirke (D:13)
  Louise (D:14)
  2 frost giants
  3 dire elephants (Lair:6)
  A crystal guardian (D:15)
  4 ogre magi
  Josephine (D:10)
  4 vault guards (D:14)
  5 hydras
  An anaconda (Lair:6)
  A catoblepas (Lair:2)
  10 two-headed ogres
  The ghost of seren the Cleaver, a novice HOFi of Qazlal (D:9)
  4 centaur warriors
  A tengu warrior (D:15)
  Urug (D:10)
  A death yak (IceCv)
  Sonja (D:10)
  A flayed ghost (D:15)
  7 unseen horrors
  Pikel (D:7)
  An orc knight (Orc:2)
  A lindwurm (Lair:6)
  15 ugly things
  8 orc sorcerers
  A wolf spider (Spider:1)
  2 manticores
  6 cyclopes
  9 black mambas
  13 elephants
  Joseph (D:7)
  4 centaur zombies
  2 gargoyles
  An ice statue (IceCv)
  12 spiny frogs
  3 komodo dragons
  2 freezing wraiths
  A yaktaur (D:15)
  2 rime drakes
  5 kobold demonologists
  An efreet (D:14)
  A tengu conjurer (D:15)
  5 trolls
  3 meliai (D:11)
  A jumping spider (Lair:2)
  A slime creature (shapeshifter) (D:15)
  14 polar bears
  10 slime creatures
  28 blink frogs
  10 hippogriffs
  A centaur simulacrum (D:15)
  2 tarantellas (Spider:1)
  Sigmund (D:3)
  55 yaks
  5 redbacks
  5 shadows
  4 wraiths (D:10)
  A vampire (D:15)
  3 wyverns
  3 hogs (D:13)
  2 basilisks (Lair:6)
  11 vampire mosquitoes
  2 steam dragons
  2 hungry ghosts
  3 wargs
  A naga (shapeshifter) (D:15)
  3 acid dragons
  A soldier ant (D:13)
  15 porcupines
  A water moccasin (shapeshifter) (D:13)
  15 water moccasins
  Duvessa (D:7)
  16 orc warriors
  4 ice beasts
  A black bear (shapeshifter) (D:15)
  5 sky beasts
  3 phantoms
  A necrophage (D:15)
  A black bear (D:10)
  25 wolves
  7 centaurs
  2 eyes of draining (D:11)
  16 ogres
  6 crocodiles
  2 big kobolds
  23 bullfrogs
  Dowan (D:7)
  2 wyvern skeletons
  6 scorpions
  4 killer bees (D:8)
  18 wights
  2 electric eels (D:9)
  2 lava snakes
  5 howler monkeys
  A bullfrog zombie (D:11)
  3 crimson imps
  A quasit (D:8)
  7 hounds
  5 jellies
  17 orc priests
  Crazy Yiuf (D:3)
  3 bullfrog skeletons
  34 orc wizards
  10 centaur skeletons
  5 iguanas
  9 worker ants
  A hound skeleton (D:5)
  A worker ant zombie (D:11)
  6 adders
  4 gnolls (D:5)
  3 shadow imps
  12 white imps (Lair:1)
  An ooze (D:1)
  An adder skeleton (D:8)
  2 adder zombies
  3 worms
  3 dart slugs
  7 leopard geckos
  70 orcs
  3 ball pythons
  6 giant cockroaches
  12 goblins
  9 hobgoblins
  7 jackals
  3 quokkas
  12 bats
  4 frilled lizards
  A jackal skeleton (D:4)
  18 kobolds
  A quokka skeleton (D:4)
  A quokka zombie (D:6)
  11 rats
  3 plants (Lair:6)
806 creatures vanquished.

Vanquished Creatures (collateral kills)
  Natasha (twice) (D:3 D:5)
  An adder (D:3)
  A worm (D:2)
  An orc (D:3)
  A goblin (D:3)
  2 hobgoblins
  2 jackals (D:3)
  A kobold (D:3)
11 creatures vanquished.

Vanquished Creatures (others)
  2 slaves (D:7)
  An orc priest (D:5)
  Natasha (D:5)
  A worker ant (D:7)
  An adder (D:9)
  A leopard gecko (D:7)
  4 orcs (D:5)
  A ball python (D:7)
  A fire vortex (Lair:3)
  7 fungi
  4 plants
24 creatures vanquished.

Grand Total: 841 creatures vanquished

Notes
Turn   | Place    | Note
-------+----------+-------------------------------------------
     0 | D:1      | HGH the Naga Transmuter began the quest for the Orb.
     0 | D:1      | Reached XP level 1. HP: 18/18 MP: 3/3
   214 | D:1      | Reached skill level 1 in Stealth
   214 | D:1      | Reached XP level 2. HP: 16/25 MP: 3/5
   887 | D:1      | Reached XP level 3. HP: 22/31 MP: 4/6
  1121 | D:2      | Found a shadowy altar of Dithmenos.
  1256 | D:2      | Found a burning altar of Makhleb.
  1272 | D:2      | Reached skill level 4 in Unarmed Combat
  1272 | D:2      | Reached XP level 4. HP: 13/38 MP: 5/7
  1689 | D:2      | Learned a level 2 spell: Sticks to Snakes
  1693 | D:2      | Learned a level 3 spell: Spider Form
  1706 | D:2      | Found a sparkling altar of Nemelex Xobeh.
  2637 | D:3      | Noticed an ice beast
  2656 | D:3      | Killed an ice beast
  2656 | D:3      | Reached XP level 5. HP: 35/44 MP: 1/8
  2863 | D:3      | Noticed Sigmund
  2885 | D:3      | Killed Sigmund
  2885 | D:3      | Reached skill level 5 in Unarmed Combat
  2885 | D:3      | Reached XP level 6. HP: 52/52 MP: 1/9
  3328 | D:3      | Noticed Natasha
  3342 | D:3      | Killed Natasha
  3500 | D:3      | Noticed Natasha
  4000 | D:3      | Found a runed door.
  4078 | D:3      | Noticed Crazy Yiuf
  4085 | D:3      | Killed Crazy Yiuf
  4085 | D:3      | Reached XP level 7. HP: 60/60 MP: 3/11
  4198 | D:4      | Found a glowing golden altar of the Shining One.
  5258 | D:5      | Entered Level 5 of the Dungeon
  5281 | D:5      | Found an iron altar of Okawaru.
  5297 | D:5      | Became a worshipper of Warmaster Okawaru
  5314 | D:5      | Killed Natasha
  5334 | D:5      | Killed Natasha
  5370 | D:5      | Found a staircase to the Ecumenical Temple.
  5944 | D:5      | Reached skill level 6 in Unarmed Combat
  5944 | D:5      | Reached XP level 8. HP: 38/70 MP: 3/12
  6191 | D:5      | Found a glowing silver altar of Zin.
  6245 | D:5      | Gained mutation: You have a pair of small horns on your head. [potion of mutation]
  6245 | D:5      | Gained mutation: You are robust. (+10% HP) [potion of mutation]
  6245 | D:5      | Gained mutation: Your spells are a little harder to cast, but a little more powerful. [potion of mutation]
  6415 | D:6      | Reached * piety under Okawaru
  6506 | D:6      | Reached skill level 5 in Transmutations
  6611 | D:6      | Learned a level 5 spell: Blade Hands
  7193 | D:7      | Reached skill level 5 in Fighting
  7199 | D:7      | Noticed a two-headed ogre
  7219 | D:7      | Killed a two-headed ogre
  7219 | D:7      | Reached ** piety under Okawaru
  7219 | D:7      | Reached skill level 7 in Unarmed Combat
  7219 | D:7      | Reached XP level 9. HP: 27/90 MP: 0/13
  7224 | D:7      | Noticed Duvessa
  7480 | D:7      | Noticed Dowan
  7481 | D:7      | Killed Duvessa
  7486 | D:7      | Killed Dowan
  7880 | D:7      | Noticed Joseph
  7880 | D:7      | Noticed Pikel
  7890 | D:7      | Killed Pikel
  7890 | D:7      | Reached *** piety under Okawaru
  7890 | D:7      | Reached skill level 8 in Unarmed Combat
  7912 | D:7      | Killed Joseph
  7918 | D:7      | Reached XP level 10. HP: 56/103 MP: 7/14
  8211 | D:7      | Found a stormy altar of Qazlal.
  8945 | D:7      | Reached **** piety under Okawaru
  9051 | D:8      | Noticed a two-headed ogre
  9055 | D:8      | Killed a two-headed ogre
  9055 | D:8      | Reached skill level 9 in Unarmed Combat
  9545 | D:8      | Noticed a two-headed ogre
  9551 | D:8      | Noticed a two-headed ogre
  9560 | D:8      | Killed a two-headed ogre
  9560 | D:8      | Reached ***** piety under Okawaru
  9565 | D:8      | Killed a two-headed ogre
 10402 | D:8      | Found an ancient bone altar of Kikubaaqudgha.
 10519 | D:8      | Reached XP level 11. HP: 94/114 MP: 6/15
 10611 | D:8      | Found a snail-covered altar of Cheibriados.
 10785 | D:9      | Reached skill level 10 in Unarmed Combat
 11036 | D:9      | Reached skill level 1 in Invocations
 11375 | D:9      | Noticed seren's ghost (novice HOFi)
 11387 | D:9      | Killed seren's ghost
 11387 | D:9      | Received a gift from Okawaru
 12150 | D:10     | Entered Level 10 of the Dungeon
 12150 | D:10     | Noticed Josephine
 12164 | D:10     | Killed Josephine
 12338 | D:10     | Noticed Urug
 12349 | D:10     | Killed Urug
 12349 | D:10     | Reached skill level 5 in Spellcasting
 12754 | D:10     | Noticed a manticore
 12763 | D:10     | Killed a manticore
 12764 | D:10     | Noticed Sonja
 13252 | D:10     | Killed Sonja
 13252 | D:10     | Reached skill level 11 in Unarmed Combat
 13252 | D:10     | Reached skill level 5 in Invocations
 13465 | D:11     | Found a staircase to the Lair.
 13521 | D:11     | Reached XP level 12. HP: 55/123 MP: 3/20
 13791 | Lair:1   | Entered Level 1 of the Lair of Beasts
 13821 | Lair:1   | Found a frozen archway.
 13856 | IceCv    | Entered an ice cave
 13895 | IceCv    | Learned a level 4 spell: Ice Form
 13922 | IceCv    | Received a gift from Okawaru
 14262 | IceCv    | Reached skill level 12 in Unarmed Combat
 14678 | IceCv    | Noticed a death yak
 14702 | IceCv    | Killed a death yak
 14710 | IceCv    | Received a gift from Okawaru
 14912 | IceCv    | Noticed a frost giant
 14943 | IceCv    | Killed a frost giant
 14943 | IceCv    | Reached skill level 10 in Fighting
 15540 | Lair:1   | Reached skill level 13 in Unarmed Combat
 15540 | Lair:1   | Gained mutation: You can use your snake-like lower body to constrict enemies. [Naga growth]
 15540 | Lair:1   | Reached XP level 13. HP: 132/135 MP: 18/22
 17222 | Lair:2   | Found a hole to the Spider Nest.
 17458 | Lair:2   | Reached skill level 1 in Armour
 18167 | Lair:3   | Reached skill level 14 in Unarmed Combat
 19601 | Lair:4   | Noticed Rupert
 19608 | Lair:4   | Killed Rupert
 19608 | Lair:4   | Reached skill level 5 in Armour
 19608 | Lair:4   | Reached XP level 14. HP: 148/148 MP: 15/23
 20257 | Lair:4   | Found a staircase to the Swamp.
 20667 | Lair:5   | Found a hazy altar of Hepliaklqana.
 20698 | Lair:5   | Reached skill level 15 in Unarmed Combat
 21376 | Lair:6   | Entered Level 6 of the Lair of Beasts
 21547 | Lair:6   | Found a viscous altar of Jiyva.
 21547 | Lair:6   | Found a staircase to the Slime Pits.
 21558 | Lair:6   | Received a gift from Okawaru
 22428 | Lair:6   | Received a gift from Okawaru
 23262 | Lair:6   | Noticed a dire elephant
 23262 | Lair:6   | Noticed a dire elephant
 23269 | Lair:6   | Killed a dire elephant
 23276 | Lair:6   | Killed a dire elephant
 23276 | Lair:6   | Reached skill level 16 in Unarmed Combat
 23344 | Lair:6   | Noticed a dire elephant
 23354 | Lair:6   | Killed a dire elephant
 23354 | Lair:6   | Received a gift from Okawaru
 23885 | D:11     | Reached XP level 15. HP: 155/155 MP: 16/24
 23941 | D:11     | Found Bucw's Distillery.
 24577 | D:12     | Identified a scroll of acquirement
 24688 | D:12     | Found a staircase to the Orcish Mines.
 24697 | Orc:1    | Entered Level 1 of the Orcish Mines
 24928 | Orc:2    | Entered Level 2 of the Orcish Mines
 24976 | Orc:2    | Found Faycoank's Magic Scroll Emporium.
 25063 | Orc:2    | Found Kaygoe's Antique Armour Shop.
 25266 | Orc:2    | Found Vosaav's Antique Armour Boutique.
 25319 | Orc:2    | Found a radiant altar of Vehumet.
 25353 | Orc:2    | Found a roughly hewn altar of Beogh.
 25353 | Orc:2    | Found Diddus's Book Shop.
 25353 | Orc:2    | Found Tadgh's Distillery.
 25499 | Orc:2    | Found an ancient bone altar of Kikubaaqudgha.
 25792 | Orc:2    | Found a staircase to the Elven Halls.
 26071 | Orc:2    | Upgraded the game from 0.21-a0-153-g78480df to 0.21-a0-154-gb5400c9
 26098 | Orc:2    | Bought a crude leather armour for 266 gold pieces
 26108 | Orc:2    | Identified the +1 leather armour "Evesim" {+Inv} (You bought it in a shop on level 2 of the Orcish Mines)
 26177 | Orc:2    | Bought a dyed leather armour for 190 gold pieces
 26187 | Orc:2    | Bought a dyed leather armour for 190 gold pieces
 27167 | D:13     | Reached skill level 17 in Unarmed Combat
 27462 | D:13     | Noticed Kirke
 27471 | D:13     | Killed Kirke
 27471 | D:13     | Reached skill level 5 in Dodging
 28342 | D:13     | Received a gift from Okawaru
 28538 | D:14     | Noticed Louise
 28571 | D:14     | Killed Louise
 29028 | D:14     | Found a gate to the Vaults.
 29043 | D:14     | Received a gift from Okawaru
 29054 | D:14     | Reached XP level 16. HP: 158/165 MP: 9/25
 29654 | D:14     | Got a crude zirconium amulet
 29656 | D:14     | Identified the amulet "Vorchahasch" {+Rage MR+} (You acquired it on level 14 of the Dungeon)
 30120 | D:15     | Entered Level 15 of the Dungeon
 30513 | D:15     | Reached skill level 18 in Unarmed Combat
 30536 | D:15     | Found a staircase to the Depths.
 30545 | D:15     | Received a gift from Okawaru
 30896 | D:15     | Found a large runed door.
 30902 | D:15     | Found a large runed door.
 31087 | D:15     | Found a sparkling altar of Nemelex Xobeh.
 31469 | D:15     | Found a burning altar of Makhleb.
 32175 | Spider:1 | Entered Level 1 of the Spider Nest
 32195 | Spider:1 | HP: 6/165 [wolf spider (7)]
 32195 | Spider:1 | Slain by a wolf spider

Vault maps used:
D:1:      arrival_zaba_pyramid, st_stairs_8
D:2:      makhleb_heckhound_becter, nemelex_xobeh_ov_fountains_minmay,
          first_bread, eino_curves_01, nicolae_dithmenos_shadow_blocks
D:3:      uniq_crazy_yiuf_cottage, uniq_natasha, uniq_sigmund
D:4:      nicolae_overflow_crystal_walls, minmay_strange_pillars
D:5:      overflow_temple_1_default, kennysheep_mini_moat,
          lemuel_temple_firewalk_b
D:7:      grunt_qazlal_sundering, grunt_ogre_cave, uniq_joseph, uniq_pikel,
          uniq_duvessa
D:8:      kennysheep_blocky_hall, lemuel_doored_altar,
          nicolae_overflow_hidden_temple
D:9:      grunt_decor_cap
D:10:     uniq_sonja, uniq_urug, uniq_josephine
D:11:     erik_lair_orcish_takeover, serial_shops, shop
D:12:     erik_orc_4, spider_trap
D:13:     moated_statue, uniq_kirke
D:14:     lightli_vaults_fourway_checkpoint, uniq_louise
D:15:     grunt_enter_depths_snipers, hex_medium, jmf_multi_god_temple2
Lair:1:   portal_ice_cave_entry_imps, beast_lair_carwin_11
Lair:2:   spider_nest_entry_a, beast_lair_carwin_5, infiniplex_staircase_pool_2
Lair:3:   statuecave_lemuel, grunt_megastairs_2
Lair:4:   minmay_swamp_entry_swarm, uniq_rupert
Lair:5:   lemuel_centaur_altar
Lair:6:   due_jungle_book, slime_altar_1
Spider:1: zaba_antful_of_joy
Orc:2:    kennysheep_orc_mage_school, serial_shops, nicolae_shop_waterfront
IceCv:    ice_cave_caverns_01

Skill      XL: |  1  2  3  4  5  6  7  8  9 10 11 12 13 14 15 16 |
---------------+-------------------------------------------------+-----
Stealth        | 1 2 3 4 |  4.5
Unarmed Combat | 4 5 6 7 8 9 11 13 14 16 17 18 | 18.5
Transmutations | 3 4 6 7 9 |  9.4
Dodging        | 2 6 8 |  8.6
Fighting       | 2 3 6 7 8 10 11 | 11.0
Spellcasting   | 5 6 |  6.0
Invocations    | 5 8 |  8.0
Armour         | 5 8 |  8.9

Action                   |  1- 3 |  4- 6 |  7- 9 | 10-12 | 13-15 | 16-18 || total
-------------------------+-------+-------+-------+-------+-------+-------++-------
Melee: Unarmed           |    71 |   147 |   324 |   500 |   914 |   254 ||  2210
       Headbutt          |     9 |     8 |    22 |    80 |   201 |    56 ||   376
       Punch             |     1 |     1 |     6 |    21 |    73 |    24 ||   126
       Constrict         |       |       |       |       |   195 |    47 ||   242
Throw: Javelin           |       |     2 |       |       |     6 |       ||     8
 Cast: Beastly Appendage |    12 |    11 |    16 |       |       |       ||    39
       Sticks to Snakes  |       |    18 |    11 |     1 |     2 |       ||    32
       Spider Form       |       |     5 |    11 |     3 |       |       ||    19
       Blade Hands       |       |       |       |    31 |    67 |    22 ||   120
       Ice Form          |       |       |       |       |     1 |       ||     1
Invok: Heroism           |       |       |     1 |    30 |    60 |    14 ||   105
       Finesse           |       |       |       |     1 |     2 |       ||     3
 Abil: Spit Poison       |     1 |     4 |     1 |       |       |       ||     6
       End Transformatio |       |       |       |     1 |     2 |       ||     3
       Evoke Flight      |       |       |       |       |     1 |       ||     1
Evoke: Wand              |       |       |       |     1 |     2 |       ||     3
  Use: Scroll            |     2 |     1 |     9 |     4 |    17 |     5 ||    38
       Potion            |     1 |       |     2 |    10 |     1 |     4 ||    18
 Stab: Sleeping          |     3 |     3 |     2 |     4 |    15 |     3 ||    30
       Distracted        |     1 |     2 |     1 |     2 |     1 |       ||     7
       Invisible         |       |       |       |     3 |       |       ||     3
  Eat: Chunk             |     1 |     9 |     8 |    27 |    30 |     4 ||    79
       Fruit             |       |       |     1 |       |     1 |       ||     2
       Meat ration       |       |       |     1 |     1 |     6 |     2 ||    10
       Bread ration      |       |       |       |       |     1 |       ||     1
Armor: Robe              |    23 |    52 |    79 |   258 |   336 |       ||   748
       Skin              |       |     1 |     2 |       |       |       ||     3
       Leather armour    |       |       |       |       |   113 |   117 ||   230
Dodge: Dodged            |    43 |   102 |   183 |   328 |   429 |   167 ||  1252
